 Dungeon Crawl Stone Soup version 0.21.1-1-g345015f (webtiles) character file.

1254 snakesoul the Cleaver (level 8, -11/74 HPs)
             Began as a Minotaur Fighter on July 28, 2018.
             Was a Believer of Okawaru.
             Mangled by an orc warrior
             ... wielding a +0 trident
              (13 damage)
             ... on level 6 of the Dungeon.
             The game lasted 00:06:15 (4086 turns).

snakesoul the Cleaver (Minotaur Fighter)            Turns: 4086, Time: 00:06:16

Health: -11/74     AC:  6    Str: 24    XL:     8   Next: 26%
Magic:  7/7        EV:  7    Int:  5    God:    Okawaru [**....]
Gold:   193        SH:  9    Dex:  9    Spells: 7/7 levels left

rFire    . . .     SeeInvis +   h - +1 hand axe (venom)
rCold    . . .     Gourm    .   c - +0 shield
rNeg     . . .     Faith    .   b - +0 scale mail
rPois    +         Spirit   .   (helmet restricted)
rElec    .         Reflect  .   (no cloak)
rCorr    .         Harm     .   (no gloves)
MR       .....                  (no boots)
Stlth    ..........             (no amulet)
HPRegen  0.22/turn              q - ring of poison resistance
MPRegen  0.10/turn              y - ring of see invisible

@: no status effects
A: retaliatory headbutt, horns 2
a: Heroism, Renounce Religion


You were on level 6 of the Dungeon.
You worshipped Okawaru.
Okawaru was pleased with you.
You were not hungry.

You visited 2 branches of the dungeon, and saw 7 of its levels.

You collected 248 gold pieces.
You spent 55 gold pieces at shops.

Inventory:

Hand Weapons
 h - a +1 hand axe of venom (weapon)
Armour
 b - a +0 scale mail (worn)
 c - a +0 shield (worn)
Jewellery
 q - a ring of poison resistance (left hand)
 y - a ring of see invisible (right hand)
Wands
 u - a wand of flame (21)
Scrolls
 e - a scroll of fog {unknown}
 g - a scroll of teleportation {unknown}
 k - 2 scrolls of remove curse
 l - 4 scrolls of identify
 o - a scroll of immolation {unknown}
 p - a scroll of magic mapping {unknown}
 t - 2 scrolls of amnesia {unknown}
 v - 3 scrolls of blinking {unknown}
 x - a scroll of enchant weapon {unknown}
Potions
 a - 3 potions of heal wounds
 d - a potion of might
 i - 2 potions of degeneration {unknown}
 j - 4 potions of curing {unknown}
 n - a potion of berserk rage {unknown}
 r - a potion of flight {unknown}
 s - a potion of agility {unknown}
 w - a potion of brilliance {unknown}
Comestibles
 f - 11 rations


   Skills:
 + Level 7.8 Fighting
 * Level 10.0 Axes
 - Level 3.6 Armour
 - Level 3.6 Shields


You had 7 spell levels left.
You didn't know any spells.

Dungeon Overview and Level Annotations

Branches:
Dungeon (6/15)             Temple (1/1) D:4

Altars:
Ashenzari
Cheibriados
Dithmenos
Elyvilon
Fedhas
Gozag
Hepliaklqana
Kikubaaqudgha
Makhleb
Nemelex Xobeh
Okawaru
Qazlal
Sif Muna
Trog
Uskayaw
Vehumet
Wu Jian
Xom
Yredelemnul
Zin
The Shining One

Shops:
D:4 =   D:5 **!


Innate Abilities, Weirdness & Mutations

You reflexively headbutt those who attack you in melee.
You have a pair of horns on your head.


Message History

The orc warrior hits you with a trident!
You slash the orc warrior!
The orc warrior is moderately wounded.
The orc warrior hits you with a trident!
You hit the orc warrior but do no damage.
The orc warrior looks as sick as possible!
The orc warrior is moderately wounded.
The orc priest begins to cast a cantrip, but forgets the words!
The orc warrior hits you with a trident.
The bullfrog hits you but does no damage.
The bullfrog hits you!
The orc warrior hits you from afar with a trident!!
* * * LOW HITPOINT WARNING * * *
There are monsters nearby!
There are monsters nearby!
Unknown command.
The bullfrog hits you.
* * * LOW HITPOINT WARNING * * *
The orc warrior hits you from afar with a trident!
You die...

#... #..# #..####
#..#.. ####..#.#
........# #.#
#####...####.....
#......@.<.......
#.###.$F####.....
#ooZ.# #..
..o.<#.#
....#....#
........###
.........
........#
......).#


You could see an orc warrior, a bullfrog, an orc priest, an orc and a hornet
zombie.

Vanquished Creatures
  Grinder (D:4)
  A steam dragon (D:5)
  A sky beast (D:5)
  2 ogres
  The ghost of poxu the Magician, an amateur DEWz (D:3)
  A scorpion (D:5)
  2 howler monkeys (D:5)
  A crimson imp (D:5)
  2 hounds (D:5)
  4 orc wizards
  Ijyb (D:3)
  2 worker ants (D:5)
  A worker ant zombie (D:5)
  5 adders
  3 gnolls (D:2)
  2 oozes (D:5)
  4 worms
  2 dart slugs
  A leopard gecko (D:5)
  13 orcs
  6 giant cockroaches
  9 goblins
  5 hobgoblins
  4 jackals (D:1)
  4 quokkas
  3 ball pythons
  10 bats
  4 frilled lizards
  11 kobolds
  A quokka skeleton (D:5)
  8 rats
  A plant (D:5)
116 creatures vanquished.

Notes
Turn   | Place    | Note
-------+----------+-------------------------------------------
     0 | D:1      | snakesoul the Minotaur Fighter began the quest for the Orb.
     0 | D:1      | Reached XP level 1. HP: 19/19 MP: 0/0
   108 | D:1      | Reached skill level 3 in Axes
   197 | D:1      | Reached XP level 2. HP: 25/27 MP: 1/1
   469 | D:1      | Reached XP level 3. HP: 32/33 MP: 2/2
   677 | D:2      | Reached skill level 4 in Axes
   692 | D:2      | Reached XP level 4. HP: 32/41 MP: 3/3
  1324 | D:2      | Reached skill level 5 in Axes
  1901 | D:3      | Noticed poxu's ghost (amateur DEWz)
  1914 | D:3      | Killed poxu's ghost
  1914 | D:3      | Reached skill level 5 in Fighting
  1914 | D:3      | Reached XP level 5. HP: 29/48 MP: 4/4
  2077 | D:3      | Noticed Ijyb
  2083 | D:3      | Killed Ijyb
  2083 | D:3      | Reached skill level 6 in Axes
  2338 | D:4      | Found Jaopryre's Jewellery Shop.
  2430 | D:4      | Noticed an ogre
  2432 | D:4      | Noticed Grinder
  2436 | D:4      | Killed an ogre
  2436 | D:4      | Reached XP level 6. HP: 32/57 MP: 5/5
  2444 | D:4      | Killed Grinder
  2444 | D:4      | Reached skill level 7 in Axes
  2444 | D:4      | Reached XP level 7. HP: 30/63 MP: 6/6
  2622 | D:4      | Found a staircase to the Ecumenical Temple.
  2633 | Temple   | Entered the Ecumenical Temple
  2744 | Temple   | Became a worshipper of Warmaster Okawaru
  2903 | D:5      | Entered Level 5 of the Dungeon
  2933 | D:5      | Reached skill level 8 in Axes
  2934 | D:5      | Found Ische's General Store.
  3112 | D:5      | Reached * piety under Okawaru
  3151 | D:5      | Found Omalefic's Assorted Antiques.
  3165 | D:5      | Reached skill level 9 in Axes
  3434 | D:5      | Noticed a steam dragon
  3453 | D:5      | Killed a steam dragon
  3453 | D:5      | Reached XP level 8. HP: 20/73 MP: 7/7
  3921 | D:5      | Reached ** piety under Okawaru
  3956 | D:5      | Reached skill level 10 in Axes
  3970 | D:5      | Found Avisiuda's Distillery.
  3975 | D:5      | Bought a potion of heal wounds for 55 gold pieces
  4086 | D:6      | HP: 2/74 [bullfrog (2)]
  4086 | D:6      | Mangled by an orc warrior

Skill      XL: |  1  2  3  4  5  6  7  8 |
---------------+-------------------------+-----
Axes           | 3 4 5 6 7 9 10 | 10.0
Fighting       | 4 5 6 7 |  7.8
Armour         | |  3.6
Shields        | |  3.6

Action                   |  1- 3 |  4- 6 |  7- 9 || total
-------------------------+-------+-------+-------++-------
Melee: Hand axe          |    69 |    82 |   100 ||   251
       Headbutt          |     9 |    14 |    21 ||    44
  Use: Scroll            |       |     1 |     2 ||     3
       Potion            |       |     1 |     1 ||     2
  Eat: Chunk             |       |     5 |     5 ||    10
Armor: Scale mail        |    24 |    25 |    21 ||    70
Dodge: Dodged            |    27 |    10 |    18 ||    55
Block: Shield            |    31 |    45 |    28 ||   104
